 Dungeon Crawl Stone Soup version 0.28.0-62-gf88900778d (webtiles) character file.

Game seed: 7703467193119134109

44 infinitevox the Ducker (level 3, 0/42 HPs)
             Began as a Demonspawn Wanderer on Apr 14, 2023.
             Slain by a gnoll
             ... wielding a +2 halberd of pain
              (5 damage)
             ... on level 2 of the Dungeon.
             The game lasted 00:04:02 (1424 turns).

infinitevox the Ducker (Demonspawn Wanderer)        Turns: 1424, Time: 00:04:02

Health: 0/42       AC: 21    Str: 11    XL:     3   Next: 39%
Magic:  3/3        EV:  2    Int: 11    God:
Gold:   28         SH:  0    Dex: 17    Spells: 0/2 levels left

rFire   . . .      SeeInvis .   a - +0 dagger (vorpal)
rCold   . . .      Faith    .   (no shield)
rNeg    . . .      Spirit   .   (armour currently unavailable)
rPois   +          Reflect  .   (helmet currently unavailable)
rElec   .          Harm     .   (cloak currently unavailable)
rCorr   .          Rampage  .   (gloves currently unavailable)
Will    .....      NoTele   +   (boots currently unavailable)
Stlth   ++........              (no amulet)
HPRegen 0.14/turn               g - ring of wizardry
MPRegen 0.08/turn               (no ring)

@: tree-form
A: stationary, stasis, torment immunity, boosted hp, (claws 1)
a: no special abilities


You were on level 2 of the Dungeon.
You were a tree.
You visited 1 branch of the dungeon, and saw 2 of its levels.

You collected 28 gold pieces.

Inventory:

Hand Weapons
 a - a +0 vorpal dagger (weapon)
 c - a +0 spear
 h - a +0 falchion
Armour
 d - a +0 pair of gloves (melded)
 e - a +0 robe (melded)
Jewellery
 g - a ring of wizardry (left branch)
Scrolls
 i - a scroll of noise {unknown}


   Skills:
 + Level 2.3 Fighting
 - Level 1.7 Polearms
 + Level 3.2 Throwing
 + Level 3.4 Dodging


You couldn't memorise any spells.
You knew the following spells:

 Your Spells              Type           Power      Damage    Failure   Level
a - Blink                 Tloc           0%         N/A       21%         2

Your spell library contained the following spells:

 Spells                   Type           Power      Damage    Failure   Level
 Manifold Assault         Tloc           0%         N/A       98%         5
 Storm Form               Tmut/Air       0%         N/A       100%        7


Dungeon Overview and Level Annotations

Branches:
Dungeon (2/15)

Altars:


Innate Abilities, Weirdness & Mutations

You are a tree.
Your roots penetrate the ground, keeping you stationary.
You cannot be teleported.
You are immune to unholy pain and torment.
Your maximum health is greatly increased.
Your equipment is partially melded.
((You have sharp fingernails.))


Message History

Casting: Blink (safe; 21% risk of failure)
Confirm with . or Enter, or press ? or * to list all spells.
Okay, then.
Casting: Blink (safe; 21% risk of failure)
Confirm with . or Enter, or press ? or * to list all spells.
Okay, then.
The gnoll hits you from afar with a +2 halberd of pain!
The gnoll barely misses you.
You hit the gnoll.
The gnoll is moderately wounded.
The gnoll closely misses you.
You hit the gnoll but do no damage.
The gnoll is moderately wounded.
The gnoll closely misses you.
You hit the gnoll.
The gnoll is heavily wounded.
The gnoll hits you with a +2 halberd of pain.
You writhe in agony.
It was a potion of lignification.
You turn into a tree.
Your +0 pair of gloves melds into your body.
Your +0 robe melds into your body.
Your roots penetrate the ground.
The gnoll completely misses you.
You barely miss the gnoll.
The gnoll is heavily wounded.
The gnoll hits you but does no damage.
You writhe in agony.
You hit the gnoll.
The gnoll is almost dead.
The gnoll hits you with a +2 halberd of pain!
* * * LOW HITPOINT WARNING * * *
You hit the gnoll but do no damage.
The gnoll is almost dead.
The gnoll hits you but does no damage.
You writhe in agony.
* * * LOW HITPOINT WARNING * * *
You hit the gnoll but do no damage.
The gnoll is almost dead.
The gnoll hits you but does no damage.
You closely miss the gnoll.
The gnoll is almost dead.
The gnoll hits you with a +2 halberd of pain.
You die...

###.#### #.# .......# #.#
.....#.####### #.#######
.##..#.##..... #.......#
.....#.##..... ##.##.#.#
..##.#.##..... #.##.#.#
.....#.##..... #.#..#.#
.......##.....#####.#.##.#
.†.##### #.....♣ggh#.##.#
....##### #########hg....#
......... #.#.####
....####. #g#.# .....#
..h.g.).#.# .....#
##.#.##.... #....# .g
....# #....... #. #..##
##.#.### # #..#


You could see 2 gnolls, 2 jackals and a goblin.

Vanquished Creatures
  A gnoll (D:2)
  A dart slug (D:2)
  5 ball pythons
  2 bats (D:2)
  3 endoplasms (D:1)
  3 goblins (D:1)
  4 hobgoblins (D:1)
  3 jackals (D:1)
  A kobold (D:1)
  A quokka (D:1)
  4 frilled lizards (D:1)
  A rat (D:1)
  2 toadstools (D:1)
31 creatures vanquished.

Vanquished Creatures (others)
  2 toadstools (D:1)
2 creatures vanquished.

Grand Total: 33 creatures vanquished

Notes
Turn   | Place    | Note
-------+----------+-------------------------------------------
     0 | D:1      | infinitevox the Demonspawn Wanderer began the quest for the
                  | Orb.
     0 | D:1      | infinitevox set off with the following items: a +0 vorpal
                  | dagger, a curare-tipped dart, a +0 spear, a +0 pair of
                  | gloves, a +0 robe
     0 | D:1      | Reached XP level 1. HP: 16/16 MP: 1/1
   191 | D:1      | Gained mutation: You have sharp fingernails. [demonic
                  | ancestry]
   191 | D:1      | Reached XP level 2. HP: 20/22 MP: 2/2
  1160 | D:1      | Reached XP level 3. HP: 27/27 MP: 3/3
  1339 | D:2      | Learned a level 2 spell: Blink
  1424 | D:2      | Slain by a gnoll

Illustrated notes

Levels and vault maps discovered:
D:1:      ldierk_water_garden, layout_loops_ring, minmay_surrounded
D:2:      layout_loops_cross, basic_altar, uniq_natasha

Skill      XL: |  1  2 |
---------------+-------+-----
Dodging        | 3 |  3.4
Throwing       | 3 |  3.2
Fighting       | |  2.3
Polearms       | |  1.7

Action                   || total
-------------------------++-------
Melee: Dagger            ||   102
       Punch             ||     2
Throw: Dart              ||     1
  Use: Potion            ||     1
 Stab: Sleeping          ||     1
Armor: Robe              ||    28
       Skin              ||     3
Dodge: Dodged            ||    73
